 Dungeon Crawl Stone Soup version 0.30-a0-919-g9323dee000 (webtiles) character file.

Game seed: 13956191147039293732

30 Ijustatesigmund the Firebug (level 3, 0/19 HPs)
             Began as a Deep Elf Fire Elementalist on Mar 21, 2023.
             Frozen to death by an endoplasm (4 damage)
             ... on level 2 of the Dungeon.
             The game lasted 00:02:23 (1099 turns).

Ijustatesigmund the Firebug (DEFE)                  Turns: 1099, Time: 00:02:24

Health: 0/19       AC:  2    Str:  5    XL:     3   Next: 5%
Magic:  10/10      EV: 12    Int: 21    God:
Gold:   37         SH:  3    Dex: 15    Spells: 6/9 levels left

rFire   . . .      SeeInvis .    d - +0 sling
rCold   . . .      Faith    .    h - +0 buckler
rNeg    . . .      Spirit   .    a - +0 robe
rPois   .          Reflect  .    (no helmet)
rElec   .          Rampage  .    (no cloak)
rCorr   .                        (no gloves)
Will    .....                    (no boots)
Stlth   ++                       (no amulet)
HPRegen 0.23/turn                (no ring)
MPRegen 0.12/turn                (no ring)

@: attractive
A: no striking features
a: no special abilities


You were on level 2 of the Dungeon.
You visited 1 branch of the dungeon, and saw 2 of its levels.

You collected 37 gold pieces.

Inventory:

Hand Weapons
 d - a +0 sling (weapon)
 e - a +0 short sword
Armour
 a - a +0 robe (worn)
 h - a +0 buckler (worn)
Magical Staves
 f - a staff of death
Scrolls
 g - a scroll of identify
 i - a scroll of fear
Potions
 b - a potion of magic
 c - a potion of attraction


   Skills:
 - Level 2.4 Dodging
 - Level 2.4 Stealth
 + Level 3.7 Spellcasting
 + Level 2.1 Conjurations
 + Level 3.8 Fire Magic


You had 6 spell levels left.
You knew the following spells:

 Your Spells              Type           Power      Damage    Failure   Level
a - Foxfire               Conj/Fire      64%        2x1d7     4%          1
b - Scorch                Fire           38%        2d7       5%          2

Your spell library contained the following spells:

 Spells                   Type           Power      Damage    Failure   Level
 Inner Flame              Hex/Fire       11%        N/A       22%         3
 Kindle Blastsparks       Fire/Tloc/Air  18%        2d11      30%         3
 Flame Wave               Conj/Fire      16%        2d7       45%         4


Dungeon Overview and Level Annotations

Branches:
Dungeon (2/15)

Altars:


Message History

The sling bullet hits the frilled lizard.
The frilled lizard is heavily wounded.
An endoplasm comes into view.
The frilled lizard bites you. The frilled lizard barely misses you.
You shoot a sling bullet.
The sling bullet barely misses the frilled lizard.
The frilled lizard closely misses you. The frilled lizard bites you.
The frilled lizard misses you. The frilled lizard closely misses you.
You shoot a sling bullet.
The sling bullet misses the frilled lizard.
The frilled lizard bites you but does no damage.
The frilled lizard barely misses you.
You shoot a sling bullet.
The sling bullet closely misses the frilled lizard.
The frilled lizard bites you.
The frilled lizard bites you but does no damage.
The frilled lizard closely misses you. You block the frilled lizard's attack.
You shoot a sling bullet.
The sling bullet closely misses the frilled lizard.
The frilled lizard closely misses you. x2
The endoplasm freezes you.
You are frozen.
You shoot a sling bullet.
The sling bullet misses the frilled lizard.
The frilled lizard closely misses you. The frilled lizard bites you.
The endoplasm freezes you.
You are frozen.
* * * LOW HITPOINT WARNING * * *
The frilled lizard bites you but does no damage.
You block the frilled lizard's attack. The frilled lizard barely misses you.
It was a potion of attraction.
You feel attractive to monsters. The endoplasm barely misses you.
As you read the scroll labelled KARRIOTEUDGH, it crumbles to dust.
It is a scroll of identify.
i - a scroll of fear The endoplasm freezes you.
You are frozen.
You die...

..~~~~~.
#..~~~..
#.....#
#..#.###
...$.. #...
#..######.#.
#.lJ@.......
#.#######.##
#. #. #. #.
#. ##


You could see an endoplasm and a frilled lizard.

Vanquished Creatures
  3 endoplasms
  A giant cockroach (D:1)
  3 goblins (D:1)
  3 hobgoblins (D:1)
  2 kobolds (D:1)
  3 quokkas (D:1)
  A ball python (D:1)
  4 bats (D:1)
  4 frilled lizards (D:1)
  4 rats (D:1)
28 creatures vanquished.

Vanquished Creatures (others)
  20 foxfires (D:1)
20 creatures vanquished.

Grand Total: 48 creatures vanquished

Notes
Turn   | Place    | Note
-------+----------+-------------------------------------------
     0 | D:1      | Ijustatesigmund the Deep Elf Fire Elementalist began the
                  | quest for the Orb.
     0 | D:1      | Reached XP level 1. HP: 10/10 MP: 6/6
   182 | D:1      | Reached XP level 2. HP: 15/15 MP: 8/8
   212 | D:1      | Learned a level 2 spell: Scorch
   935 | D:2      | Reached XP level 3. HP: 19/19 MP: 10/10
  1099 | D:2      | Frozen to death by an endoplasm

Illustrated notes

Levels and vault maps discovered:
D:1:      dpeg_arrival_more_subterranean_lakeside_camping, layout_rooms
D:2:      layout_loops_ring, basic_altar, minmay_lizard_pond

Skill      XL: |  1  2 |
---------------+-------+-----
Conjurations   | 2 |  2.1
Dodging        | |  2.4
Stealth        | |  2.4
Spellcasting   | |  3.7
Fire Magic     | |  3.8

Action                     || total
---------------------------++-------
   Fire: Sling             ||    38
   Cast: Foxfire           ||    12
         Scorch            ||     7
    Use: Scroll            ||     1
         Potion            ||     1
 Armour: Robe              ||     6
  Dodge: Dodged            ||    25
  Block: Buckler           ||     4

Table legend: (Time is in decaauts)
 A = Elapsed time spent in this place.
 B = Non-inter-level travel time spent in this place.
 C = Inter-level travel time spent in this place.
 D = Time resting spent in this place.
 E = Time spent auto-exploring this place.
 F = Levels seen in this place.
 G = Mean time per level.
                   A        B        C        D        E       F      G
               +--------+--------+--------+--------+--------+-----+--------+
         Total |   1117 |   1063 |     54 |    391 |    503 |   2 |  558.5 |
       Dungeon |   1117 |   1063 |     54 |    391 |    503 |   2 |  558.5 |
               +--------+--------+--------+--------+--------+-----+--------+

Top non-repeatable levels by time:
     D:1: 1091 daAuts
     D:2: 25 daAuts
